 Dungeon Crawl Stone Soup version 0.18-a0-946-g3ac5b32 (webtiles) character file.

63131 Duffy the Cruncher (level 14, -5/126 HPs)
             Began as a Demigod Gladiator on Dec 30, 2015.
             Slain by a cyclops (13 damage)
             ... on level 10 of the Dungeon.
             The game lasted 00:51:59 (34892 turns).

Duffy the Cruncher (Demigod Gladiator)             Turns: 34892, Time: 00:51:59

Health: -5/126     AC: 22    Str: 24    XL:     14   Next: 29%
Magic:  0/24       EV:  9    Int: 12    God:
Gold:   1335       SH:  0    Dex: 25    Spells: 0 memorised, 13 levels left

rFire  . . .     SeeInvis .     i - +3 lajatang (flame)
rCold  . . .     Gourm    .     W - +3 scale mail of Autumn {Regen+ Dex+4}
rNeg   . . .     Faith    .     (shield currently unavailable)
rPois  .         Spirit   +     r - +2 hat {Spirit}
rElec  .         Dismiss  .     s - +2 cloak
rCorr  .         Reflect  .     u - +2 pair of gloves
SustAt +         Harm     .     j - +2 pair of boots
MR     +....                    (no amulet)
Stlth  +.........               R - +3 ring of dexterity
                                h - +2 ring of protection

@: very heavily drained, somewhat resistant to hostile enchantments, very
unstealthy
A: high mp 1, sustain attributes
a: no special abilities


You were on level 10 of the Dungeon.
You were not hungry.

You visited 2 branches of the dungeon, and saw 19 of its levels.
You also visited: Labyrinth, Ice Cave and Volcano.

You collected 1641 gold pieces.
You spent 306 gold pieces at shops.


Innate Abilities, Weirdness & Mutations

You have an increased reservoir of magic (+10% MP).
Your attributes are resistant to harm.


   Skills:
 - Level 12.0(0.0) Fighting
 - Level 14.0(0.0) Staves
 - Level 1.8(0.0) Throwing
 - Level 7.5(0.0) Armour
 - Level 11.0(0.0) Dodging
 + Level 8.9(0.0) Evocations


You had 13 spell levels left.
You didn't know any spells.

Inventory:

Hand Weapons
 i - a +3 lajatang of flaming (weapon)
 o - a +0 blowgun
Missiles
 d - 6 throwing nets
 w - 46 poisoned needles
 y - 8 curare-tipped needles
 A - 16 javelins (quivered)
Armour
 j - a +2 pair of boots (worn)
 r - a +2 hat of spirit shield (worn)
 s - a +2 cloak (worn)
 u - a +2 pair of gloves (worn)
 I - a +2 chain mail of fire resistance
 W - the +3 scale mail of Autumn (worn) {Regen+ Dex+4}

   It affects your dexterity (+4).
   It increases your rate of regeneration.
Jewellery
 h - a +2 ring of protection (left hand)
 R - a +3 ring of dexterity (right hand)
Wands
 m - a wand of fireball (7/15)
 n - a wand of lightning (9/15)
 q - a wand of disintegration (10/24)
 x - a wand of polymorph (17/24)
 C - a wand of random effects (19/48)
 F - a wand of frost (23/48)
 H - a wand of invisibility (1/9)
 N - a wand of enslavement (16/24)
 O - a wand of digging (6/24)
 P - a wand of digging (10/24)
 Y - a wand of heal wounds (3/9)
Scrolls
 a - a scroll of vulnerability {unknown}
 c - 10 scrolls of remove curse
 z - 3 scrolls of teleportation
 J - 6 scrolls of fear
 L - 2 scrolls of torment
 S - 2 scrolls of recharging
 T - 3 scrolls of immolation
Potions
 b - 5 potions of flight
 e - 5 potions of heal wounds
 k - 3 potions of might {unknown}
 l - a potion of ambrosia
 p - a potion of agility
 t - a potion of curing
 B - 2 potions of haste
 D - 3 potions of brilliance
 G - 2 potions of magic {unknown}
 K - a potion of beneficial mutation {unknown}
 M - a potion of resistance
 U - 2 potions of lignification {unknown}
 X - 2 potions of cure mutation
Miscellaneous
 Z - a piece from Xom's chessboard
Comestibles
 g - 9 meat rations
 v - 5 fruits

Dungeon Overview and Level Annotations

Branches:
Dungeon (12/15)            Temple (0/1) D:7            Lair (7/8) D:9
  Swamp (0/4) Lair:5        Snake (0/4) Lair:6        Slime (0/6) Lair:7
    Orc (0/2) D:12

Shops:
D:6 %   D:8 ?

Annotations:
D:12 Gastronok


Message History

The cyclops throws a large rock.
The large rock hits you.
The cyclops throws a large rock.
The large rock hits you but does no damage.
The cyclops throws a large rock.
The large rock hits you.
You feel yourself speed up.
The cyclops hits you but does no damage.
The cyclops hits you!
The cyclops hits you but does no damage.
The cyclops hits you! The cyclops hits you! The cyclops closely misses you.
The cyclops hits you but does no damage.
The cyclops hits you. The cyclops barely misses you. The cyclops hits you!!
The cyclops closely misses you.
The cyclops hits you but does no damage.
The cyclops hits you!!
The cyclops hits you but does no damage.
The cyclops hits you. The cyclops hits you!! The cyclops hits you!
The cyclops hits you. The cyclops hits you!
The cyclops hits you but does no damage.
The cyclops hits you! The cyclops hits you! The cyclops misses you.
The cyclops hits you!
The cyclops hits you but does no damage.
The cyclops hits you but does no damage.
The cyclops hits you but does no damage.
The cyclops barely misses you. The cyclops hits you!
You die...

######## #.# #..# #.#
##.# ###..######.. #..##
##<....##.....
####...###..#..........
##.........#####........
##....####### #.........
#.....# ########.........
####..###C))))...........
#..##@#######.........
#..#### #......... #..#
*****#......... #..#
**,,,,.......... ##..#
*,,,,...##...... ##..##
*,,,....#####... #..##
***....## *### #.##
###..* ## #..# **,* ##>


You could see a cyclops.

Action                   |  1- 3 |  4- 6 |  7- 9 | 10-12 | 13-15 || total
-------------------------+-------+-------+-------+-------+-------++-------
Melee: Quarterstaff      |   116 |   246 |   399 |  1344 |   179 ||  2284
       Lajatang          |       |       |       |       |  7409 ||  7409
Throw: Javelin           |       |       |    17 |       |       ||    17
       Throwing net      |       |       |     1 |       |       ||     1
Evoke: Wand              |       |       |       |     8 |    12 ||    20
  Use: Scroll            |       |       |    13 |    14 |     4 ||    31
       Potion            |       |       |       |     1 |     4 ||     5
 Stab: Held in net/web   |       |       |     1 |       |       ||     1
       Petrifying        |       |       |     2 |    12 |       ||    14
       Petrified         |       |       |       |     4 |       ||     4
       Confused          |       |       |       |     7 |     2 ||     9
       Paralysed         |       |       |       |     7 |     3 ||    10
  Eat: Chunk             |     2 |     5 |     9 |    30 |    15 ||    61
       Beef jerky        |       |     2 |       |     1 |     1 ||     4
       Pizza             |       |       |     2 |     5 |     7 ||    14
       Meat ration       |       |       |     2 |       |     1 ||     3
       Fruit             |       |       |       |     3 |    10 ||    13
       Royal jelly       |       |       |       |     1 |       ||     1
       Bread ration      |       |       |       |       |    10 ||    10

Notes
Turn   | Place    | Note
--------------------------------------------------------------
     0 | D:1      | Duffy the Demigod Gladiator began the quest for the Orb.
     0 | D:1      | Reached XP level 1. HP: 17/17 MP: 3/3
    79 | D:1      | Reached skill level 3 in Staves
    83 | D:1      | Reached XP level 2. HP: 14/24 MP: 4/4
   893 | D:2      | Reached XP level 3. HP: 22/29 MP: 5/5
  1352 | D:2      | Reached skill level 4 in Staves
  1436 | D:2      | Noticed Natasha
  1452 | D:2      | Killed Natasha
  1452 | D:2      | Reached XP level 4. HP: 36/36 MP: 4/6
  1496 | D:2      | Noticed Natasha
  1512 | D:2      | Killed Natasha
  1518 | D:2      | Noticed Natasha
  1527 | D:2      | Killed Natasha
  1527 | D:2      | Reached skill level 5 in Staves
  1820 | D:2      | Found an oddly glowing altar of Pakellas.
  2146 | D:3      | Reached XP level 5. HP: 41/41 MP: 7/7
  2945 | D:4      | Found a roughly hewn altar of Beogh.
  2965 | D:3      | Reached skill level 6 in Staves
  3005 | D:4      | Reached XP level 6. HP: 48/48 MP: 8/8
  3441 | D:4      | Reached skill level 7 in Staves
  3626 | D:5      | Entered Level 5 of the Dungeon
  3641 | D:5      | Found a stormy altar of Qazlal.
  3752 | D:4      | Reached skill level 2 in Fighting
  4008 | D:5      | Reached XP level 7. HP: 44/55 MP: 7/9
  4280 | D:6      | Found Gumav's Food Shoppe.
  4287 | D:6      | Noticed Duvessa
  4295 | D:6      | Noticed Dowan
  4304 | D:6      | Killed Duvessa
  4304 | D:6      | Reached skill level 1 in Armour
  4427 | D:6      | Noticed Grinder
  4430 | D:6      | Paralysed by Grinder for 7 turns
  4442 | D:5      | Paralysed by Grinder for 3 turns
  4453 | D:5      | Killed Grinder
  4453 | D:5      | Reached skill level 2 in Evocations
  4495 | D:6      | Killed Dowan
  4495 | D:6      | Reached skill level 3 in Evocations
  4614 | D:6      | Found a bloodstained altar of Trog.
  4635 | D:6      | Reached skill level 3 in Fighting
  4635 | D:6      | Reached XP level 8. HP: 49/63 MP: 13/13
  4668 | D:6      | Reached skill level 8 in Staves
  4874 | D:6      | Noticed Prince Ribbit
  5052 | D:3      | Noticed Crazy Yiuf
  5058 | D:3      | Killed Crazy Yiuf
  5058 | D:3      | Reached skill level 2 in Armour
  5189 | D:6      | Killed Prince Ribbit
  5405 | D:7      | Reached skill level 4 in Fighting
  5499 | D:7      | Found a staircase to the Ecumenical Temple.
  5609 | D:7      | Noticed Pikel
  5738 | D:7      | Killed Pikel
  5738 | D:7      | Reached skill level 5 in Fighting
  5738 | D:7      | Reached skill level 9 in Staves
  5738 | D:7      | Reached XP level 9. HP: 64/74 MP: 15/15
  5813 | D:7      | Noticed Joseph
  5830 | D:7      | Killed Joseph
  5948 | D:7      | Reached skill level 6 in Fighting
  6455 | D:8      | Found Punweobb's Magic Scroll Shoppe.
  6679 | D:7      | Reached skill level 10 in Staves
  6790 | D:8      | Bought a scroll of teleportation for 36 gold pieces
  6790 | D:8      | Bought a scroll of identify for 24 gold pieces
  6790 | D:8      | Bought a scroll of identify for 24 gold pieces
  6790 | D:8      | Bought a scroll of fear for 42 gold pieces
  6829 | D:8      | Bought a scroll of enchant armour for 90 gold pieces
  6829 | D:8      | Bought a scroll of enchant armour for 90 gold pieces
  7105 | D:8      | Reached skill level 7 in Fighting
  7712 | D:8      | Reached skill level 3 in Dodging
  8061 | D:9      | Reached skill level 3 in Armour
  8061 | D:9      | Reached XP level 10. HP: 80/86 MP: 14/16
  8175 | D:9      | Found a staircase to the Lair.
  8627 | D:9      | Reached skill level 11 in Staves
  9391 | D:9      | Reached skill level 4 in Armour
  9521 | D:9      | Reached skill level 4 in Dodging
  9833 | D:10     | Entered Level 10 of the Dungeon
  9924 | D:10     | Noticed Chiseanne's ghost (journeyman SpAs)
 10006 | Lair:1   | Entered Level 1 of the Lair of Beasts
 10223 | Lair:1   | Reached skill level 5 in Armour
 10226 | Lair:1   | Reached skill level 5 in Dodging
 10291 | Lair:1   | Reached skill level 12 in Staves
 10954 | Lair:1   | Reached XP level 11. HP: 84/92 MP: 14/17
 11358 | Lair:2   | Noticed a five-headed hydra
 11378 | Lair:2   | Killed a five-headed hydra
 11378 | Lair:2   | Reached skill level 4 in Evocations
 11598 | Lair:2   | Noticed a six-headed hydra
 11623 | Lair:1   | Killed a six-headed hydra
 11857 | Lair:1   | Reached skill level 5 in Evocations
 12326 | Lair:2   | Noticed a six-headed hydra
 12341 | Lair:2   | Killed a six-headed hydra
 12846 | Lair:2   | Reached skill level 6 in Evocations
 13738 | D:11     | Reached skill level 13 in Staves
 13830 | D:11     | Found a labyrinth entrance.
 13838 | Lab      | Entered a labyrinth
 14151 | Lab      | Noticed a minotaur
 14158 | Lab      | Killed a minotaur
 14158 | Lab      | Reached skill level 7 in Evocations
 14172 | Lab      | Got a shimmering scale mail
 14183 | Lab      | Identified the +3 scale mail of Autumn {Regen+ Dex+4} (You found it in a labyrinth)
 14974 | D:11     | Noticed a skeletal warrior
 14975 | D:11     | Noticed a skeletal warrior
 15039 | D:11     | Killed a skeletal warrior
 15235 | D:11     | Killed a skeletal warrior
 15299 | D:11     | Noticed a skeletal warrior
 15312 | D:11     | Killed a skeletal warrior
 15312 | D:11     | Reached XP level 12. HP: 95/100 MP: 19/21
 15571 | D:12     | Reached skill level 14 in Staves
 15657 | D:12     | Found a staircase to the Orcish Mines.
 16141 | D:12     | Reached skill level 6 in Dodging
 16269 | D:12     | Noticed Gastronok
 16280 | D:12     | Noticed Gastronok
 16280 | D:12     | Gastronok changed into Gastronok the golden dragon
 16911 | Lair:3   | Noticed a five-headed hydra
 16938 | Lair:3   | Reached skill level 6 in Armour
 16942 | Lair:3   | Reached skill level 8 in Fighting
 16988 | Lair:3   | Killed a five-headed hydra
 17370 | Lair:3   | Reached skill level 7 in Dodging
 17954 | Lair:4   | Reached skill level 7 in Armour
 18292 | Lair:4   | Found a runed door.
 18752 | Lair:4   | Noticed a four-headed hydra
 18774 | Lair:4   | Killed a four-headed hydra
 18774 | Lair:4   | Reached skill level 9 in Fighting
 19112 | Lair:5   | Reached XP level 13. HP: 69/111 MP: 12/22
 19117 | Lair:5   | Reached skill level 8 in Dodging
 19309 | Lair:5   | Noticed Josephine
 19377 | Lair:5   | Killed Josephine
 19672 | Lair:5   | Got a faintly humming helmet
 19683 | Lair:5   | Identified the +1 helmet of the Stars {Int+3} (You found it on level 5 of the Lair of Beasts)
 19830 | Lair:5   | Noticed Maud
 19871 | Lair:6   | Found a dark tunnel.
 19876 | Volcano  | Entered a volcano
 19892 | Volcano  | Reached skill level 10 in Fighting
 20075 | Volcano  | Reached skill level 9 in Dodging
 20108 | Volcano  | Noticed Duffy's ghost (journeyman MfSu)
 20124 | Volcano  | Killed Duffy's ghost
 20323 | Lair:6   | Found a staircase to the Snake Pit.
 21130 | Lair:7   | Noticed Rupert
 21136 | Lair:7   | Paralysed by Rupert for 7 turns
 21153 | Lair:7   | Killed Rupert
 21153 | Lair:7   | Reached skill level 11 in Fighting
 21248 | Lair:7   | Reached skill level 10 in Dodging
 21305 | Lair:7   | Found a viscous altar of Jiyva.
 21306 | Lair:7   | Found a staircase to the Slime Pits.
 21433 | Lair:7   | Found a frozen archway.
 21489 | IceCv    | Entered an ice cave
 21878 | IceCv    | Reached XP level 14. HP: 120/125 MP: 21/23
 21999 | IceCv    | Noticed a frost giant
 22028 | IceCv    | Killed a frost giant
 22028 | IceCv    | Reached skill level 11 in Dodging
 22045 | IceCv    | Reached skill level 12 in Fighting
 22617 | Lair:5   | Killed Maud
 22617 | Lair:5   | Reached skill level 8 in Evocations
 22944 | Lair:5   | Found a staircase to the Swamp.
 34102 | D:10     | Killed Chiseanne's ghost
 34892 | D:10     | Slain by a cyclops

Vault maps used:
D:1:      mrwooster_arrival_arrow, minmay_misc_feat_alley, st_stairs_14
D:2:      minmay_door_path, grunt_pakellas_basics, kennysheep_generic_room_5,
          uniq_natasha
D:3:      uniq_crazy_yiuf_cottage
D:4:      minmay_misc_feat_roman, kennysheep_orc_chapel
D:5:      nicolae_qazlal_general_emergency, first_bread, minivault_11
D:6:      serial_shops, nicolae_shop_crystal, trog_ov_bears_minmay,
          uniq_prince_ribbit1, uniq_grinder, uniq_duvessa
D:7:      lemuel_temple_firewalk_marked, uniq_pikel, uniq_joseph
D:8:      serial_shops, shop, grunt_pizzeria
D:9:      grunt_lair_entry_orc_guard_hut, hive_lemuel
D:10:     serial_shops, kennysheep_little_box, tgw_kikubaaqudgha
D:11:     lab_entry_generic, minmay_misc_feat_room, wad_dig_loot
D:12:     erik_orc_3, uniq_gastronok
Lair:2:   minivault_23
Lair:3:   lemuel_fruit_fields, grunt_megastairs_3, infiniplex_staircase_pool
Lair:4:   pf_torpor_hydra
Lair:5:   minmay_swamp_entry_reptiles, st_stairs_8, minivault_23,
          lemuel_fruit_tree, uniq_maud, uniq_josephine
Lair:6:   guppyfry_snake_entry_island, nicolae_volcano_entry_s_turn
Lair:7:   dpeg_slime_entry_enclosed_altar,
          portal_ice_cave_entry_animals_and_master,
          grunt_forest_stairs_clearing, uniq_rupert
Lab:      labyrinth_mini_lab, nicolae_lab_big_swirl, nicolae_lab_diamond
IceCv:    ice_cave_small_giant
Volcano:  volcano_aerie

Vanquished Creatures
  Rupert Maud
  A frost giant
  A minotaur Josephine
  An ice dragon
  The ghost of Duffy the Summoner, a journeyman MfSu of Sif Muna
  9 hydras
  4 death yaks
  The ghost of Chiseanne the Unseen, a journeyman SpAs of Gozag
  3 skeletal warriors
  A lindwurm Pikel
  A hill giant
  A griffon
  A manticore
  3 elephants
  4 black mambas
  An ice statue
  3 molten gargoyles Joseph
  9 spiny frogs
  A gargoyle
  A torpor snail
  13 komodo dragons
  A fire drake
  A queen bee
  A two-headed ogre
  5 trolls
  22 polar bears
  A trapdoor spider zombie Grinder Prince Ribbit
  2 blink frogs
  A spriggan
  6 wraiths
  6 basilisks
  55 yaks
  2 vampire mosquitoes
  27 wolves
  A warg
  3 fire elementals
  5 hippogriffs
  A steam dragon
  5 water moccasins
  A warg (shapeshifter)
  7 hungry ghosts
  17 porcupines
  A swamp worm (shapeshifter)
  Duvessa
  2 nagas
  A sky beast (shapeshifter)
  A sky beast
  2 slaves
  A wasp
  9 orc warriors
  4 black bears
  2 phantoms
  3 centaurs
  17 crocodiles
  5 ogres
  2 gnoll sergeants
  A big kobold
  17 giant frogs Dowan
  2 scorpions
  2 wyvern skeletons
  13 killer bees
  9 wights
  An electric eel
  2 crimson imps
  2 centaur zombies
  A gnoll shaman
  5 orc priests
  6 hounds
  A giant frog zombie Crazy Yiuf
  8 iguanas
  4 centaur skeletons
  9 orc wizards
  A giant frog skeleton
  A quasit Natasha (thrice)
  5 worker ants
  5 sheep
  A hound zombie
  16 gnolls
  27 river rats
  12 adders
  2 shadow imps
  2 oozes
  2 adder skeletons
  4 worms
  3 giant geckos
  31 orcs
  6 giant cockroaches
  8 goblins
  6 hobgoblins
  5 jackals
  17 kobolds
  4 quokkas
  3 ball pythons
  19 bats
  3 giant gecko skeletons
  5 giant newts
  A quokka skeleton
  A quokka zombie
  19 rats
  6 fungi
591 creatures vanquished.
